 Dungeon Crawl Stone Soup version 0.29-a0-344-ge2f44be95a (webtiles) character file.

Game seed: 16622423888382391150

1868 Dauddaud the Cleaver (level 8, -2/96 HPs)
             Began as a Minotaur Berserker on Apr 21, 2022.
             Was a Priest of Trog.
             Slain by a six-headed hydra (10 damage)
             ... on level 6 of the Dungeon.
             The game lasted 00:12:40 (6877 turns).

Dauddaud the Cleaver (Minotaur Berserker)           Turns: 6877, Time: 00:12:40

Health: -2/96      AC: 13    Str: 25    XL:     8   Next: 90%
Magic:  7/7        EV:  7    Int:  4    God:    Trog [***...]
Gold:   314        SH:  0    Dex: 15    Spells: 7/7 levels left

rFire   . . .      SeeInvis .   v - +0 war axe
rCold   . . .      Faith    +   (no shield)
rNeg    . . .      Spirit   .   c - +0 plate armour
rPois   .          Reflect  .   (helmet restricted)
rElec   .          Harm     .   t - +0 cloak
rCorr   .          Rampage  .   p - +0 pair of gloves
Will    .....                   (no boots)
Stlth   ..........              l - amulet of faith
HPRegen 0.26/turn               n - +6 ring of dexterity
MPRegen 0.10/turn               (no ring)

@: berserking, very quick
A: horns 2, retaliatory headbutt
a: Renounce Religion, Berserk, Trog's Hand


You were on level 6 of the Dungeon.
You worshipped Trog.
Trog was most pleased with you.
You visited 1 branch of the dungeon, and saw 7 of its levels.

You collected 314 gold pieces.

Inventory:

Hand Weapons
 a - a +1 hand axe
 v - a +0 war axe (weapon)
Missiles
 x - a throwing net (quivered)
Armour
 b - a +0 animal skin
 c - a +0 plate armour (worn)
 p - a +0 pair of gloves (worn)
 t - a +0 cloak (worn)
Jewellery
 l - an amulet of faith (around neck)
 n - a +6 ring of dexterity (left hand)
Wands
 h - a wand of iceblast (12)
Scrolls
 d - 3 scrolls of teleportation
 j - 2 scrolls of enchant weapon
 k - 2 scrolls of vulnerability
 o - 2 scrolls of fear
 r - a scroll of fog
 u - a scroll of noise
 w - a scroll of magic mapping
 y - 2 scrolls of silence {unknown}
Potions
 e - 3 potions of degeneration {unknown}
 f - 2 potions of ambrosia {unknown}
 g - 3 potions of might
 i - 2 potions of berserk rage {unknown}
 m - 4 potions of heal wounds {unknown}
 q - 2 potions of lignification {unknown}
 s - 2 potions of mutation {unknown}
 z - a potion of attraction {unknown}


   Skills:
 - Level 3.6 Fighting
 + Level 14.0 Axes
 - Level 2.4 Armour
 - Level 2.1 Dodging


You had 7 spell levels left.
You didn't know any spells.
Your spell library was empty.

Dungeon Overview and Level Annotations

Branches:
Dungeon (7/15)             Temple (0/1) D:5

Altars:
Vehumet

Annotations:
D:7 Joseph


Innate Abilities, Weirdness & Mutations

You have a pair of horns on your head.
You reflexively headbutt those who attack you in melee.


Message History

A red film seems to cover your vision as you go berserk!
You feel yourself moving faster!
You feel mighty! The four-headed hydra bites you!
The four-headed hydra bites you but does no damage. x2
The four-headed hydra bites you.
The orc warrior hits you with a +0 dire flail.
You hack one of the four-headed hydra's heads off!
The three-headed hydra grows two more!
You slash the five-headed hydra!
The five-headed hydra is moderately wounded.
You slash the orc warrior!
The five-headed hydra closely misses you.
The five-headed hydra barely misses you.
The five-headed hydra bites you. x3
The orc warrior hits you with a +0 dire flail!
You completely miss the five-headed hydra.
The five-headed hydra is lightly wounded.
You slash the orc warrior!
The five-headed hydra completely misses you.
The five-headed hydra bites you!
The five-headed hydra bites you but does no damage.
The five-headed hydra bites you!
* * * LOW HITPOINT WARNING * * *
The five-headed hydra bites you but does no damage.
You slice one of the five-headed hydra's heads off!
The four-headed hydra grows two more!
You slash the six-headed hydra!
The six-headed hydra is moderately wounded.
You hit the orc warrior.
You kill the orc warrior!
Trog accepts your kill.
Your Axes skill increases to level 14!
You barely miss the six-headed hydra.
The six-headed hydra is moderately wounded.
The six-headed hydra bites you.
* * * LOW HITPOINT WARNING * * *
The six-headed hydra bites you!
* * * LOW HITPOINT WARNING * * *
The six-headed hydra misses you. The six-headed hydra bites you.
* * * LOW HITPOINT WARNING * * *
The six-headed hydra bites you!
You die...

### ######## #.# ##
##......### #.# .##
##.........####.#
..###............##.#
.........[........#.##
#....................# #####
###.............@..#.###...##
#............)D..#.##.....###
##...............#..........#
#..........................#
##.........................#
##
##.............##........##
.## #.............##........#
..##
##...........####.......#
...## ##...)......# #......##


You could see a six-headed hydra.

Vanquished Creatures
  Maggie (D:6)
  Grinder (D:3)
  The ghost of Querens the Conjurer, an amateur DECj of Vehumet (D:5)
  Edmund (D:4)
  2 water moccasins (D:6)
  2 orc warriors (D:6)
  2 ogres
  A bullfrog (D:6)
  2 howler monkeys
  2 hounds
  A jelly (D:6)
  Crazy Yiuf (D:4)
  An orc priest (D:4)
  2 orc wizards
  4 gnolls (D:7)
  3 adders
  4 white imps
  An ufetubus (D:6)
  3 worms
  3 dart slugs
  9 orcs
  9 ball pythons
  9 endoplasms
  4 giant cockroaches
  9 goblins
  6 hobgoblins
  5 kobolds
  4 quokkas
  5 bats
  6 frilled lizards
  6 rats
110 creatures vanquished.

Notes
Turn   | Place    | Note
-------+----------+-------------------------------------------
     0 | D:1      | Dauddaud the Minotaur Berserker began the quest for the
                  | Orb.
     0 | D:1      | Reached XP level 1. HP: 19/19 MP: 0/0
   169 | D:1      | Reached skill level 4 in Axes
   342 | D:1      | Reached XP level 2. HP: 26/26 MP: 1/1
   558 | D:1      | Reached ** piety under Trog
   884 | D:1      | Reached skill level 5 in Axes
  1105 | D:1      | Reached XP level 3. HP: 29/31 MP: 2/2
  1846 | D:2      | Found a faded altar of an unknown god.
  1919 | D:3      | Noticed Grinder
  1921 | D:3      | Paralysed by Grinder for 6 turns
  1934 | D:3      | Killed Grinder
  1935 | D:3      | Reached skill level 8 in Axes
  1935 | D:3      | Reached XP level 4. HP: 39/39 MP: 3/3
  1935 | D:3      | Reached XP level 5. HP: 45/45 MP: 4/4
  1935 | D:3      | Reached XP level 6. HP: 51/51 MP: 5/5
  2375 | D:3      | You fall into a shaft and drop 1 floor!
  2998 | D:4      | Reached *** piety under Trog
  2999 | D:4      | Reached skill level 9 in Axes
  3299 | D:4      | Found a runed translucent door.
  3300 | D:4      | Noticed Crazy Yiuf
  3917 | D:4      | Killed Crazy Yiuf
  3918 | D:4      | Reached XP level 7. HP: 47/57 MP: 6/6
  4077 | D:5      | Entered Level 5 of the Dungeon
  4077 | D:5      | Noticed Edmund
  4090 | D:4      | Killed Edmund
  4091 | D:4      | Reached skill level 10 in Axes
  4330 | D:5      | Found a staircase to the Ecumenical Temple.
  4333 | D:5      | Found a runed translucent door.
  4502 | D:5      | Noticed Querens's ghost (amateur DECj)
  4703 | D:5      | Killed Querens's ghost
  4704 | D:5      | Reached skill level 11 in Axes
  5141 | D:6      | Found a radiant altar of Vehumet.
  5215 | D:6      | Reached XP level 8. HP: 31/64 MP: 7/7
  5219 | D:6      | Reached skill level 12 in Axes
  6126 | D:6      | Noticed Maggie
  6307 | D:6      | Killed Maggie
  6308 | D:6      | Reached skill level 13 in Axes
  6653 | D:7      | Noticed Joseph
  6654 | D:7      | Noticed a four-headed hydra
  6654 | D:7      | Found the ring of the Mage {Wiz Archmagi}
  6654 | D:7      | Noticed a manticore
  6654 | D:7      | Noticed a manticore
  6877 | D:6      | Reached skill level 14 in Axes
  6877 | D:6      | Slain by a six-headed hydra

Illustrated notes

Levels and vault maps discovered:
D:1:      erik_arrival_triangle_large, layout_basic,
          kennysheep_decorative_pillar, st_stairs_8
D:2:      layout_rooms, shapermc_ecumenical_altar_pompeii
D:3:      kennysheep_six_static_rooms, layout_basic, kennysheep_crisscross,
          uniq_grinder
D:4:      layout_gridville, uniq_crazy_yiuf_cottage
D:5:      layout_rooms, temple_fountains, hellmonk_ghost_happy_afterlife,
          lightli_corner_chamber, uniq_edmund
D:6:      layout_cave_pods, kennysheep_mini, glass_columns_b, uniq_maggie
D:7:      minmay_the_grid_octo_triangle [minmay_the_grid_octo_focus,
          minmay_the_grid_octo_prize_ultimate_mussel_roller,
          minmay_the_grid_octo_vomiting_pacman], layout_cave_pools,
          lightli_temple_of_fire, kennysheep_flooded_box, uniq_joseph

Skill      XL: |  1  2  3  4  5  6  7  8 |
---------------+-------------------------+-----
Axes           | 4 5 8 9 11 14 | 14.0
Fighting       | |  3.6
Armour         | |  2.4
Dodging        | |  2.1

Action                   |  1- 3 |  4- 6 |  7- 9 || total
-------------------------+-------+-------+-------++-------
Melee: Hand axe          |    91 |    97 |    18 ||   206
       Headbutt          |    15 |    12 |    21 ||    48
       War axe           |       |       |    81 ||    81
Invok: Trog's Hand       |     1 |       |     2 ||     3
       Berserk           |     1 |       |     3 ||     4
  Use: Scroll            |       |       |     7 ||     7
Armor: Plate armour      |    57 |    48 |    59 ||   164
Dodge: Dodged            |    31 |    33 |    37 ||   101

Table legend: (Time is in decaauts)
 A = Elapsed time spent in this place.
 B = Non-inter-level travel time spent in this place.
 C = Inter-level travel time spent in this place.
 D = Time resting spent in this place.
 E = Time spent auto-exploring this place.
 F = Levels seen in this place.
 G = Mean time per level.
                   A        B        C        D        E       F      G
               +--------+--------+--------+--------+--------+-----+--------+
         Total |   6890 |   6609 |    281 |   1314 |   4450 |   7 |  984.3 |
       Dungeon |   6890 |   6609 |    281 |   1314 |   4450 |   7 |  984.3 |
               +--------+--------+--------+--------+--------+-----+--------+

Top non-repeatable levels by time:
     D:6: 1882 daAuts
     D:1: 1341 daAuts
     D:4: 1218 daAuts
     D:3: 974 daAuts
     D:5: 747 daAuts
     D:2: 622 daAuts
     D:7: 104 daAuts
